[Event "Titled Tuesday Blitz November 14 Early 2023"]
[White "arenal72"]
[Black "Akhmedinov, Satbek"]
[BlackFideId "13714287"]
[WhiteElo "2477"]
[BlackElo "2694"]
[Result "1-0"]
[Round "4"]
[TimeControl "180+1"]
[Date "2023.11.14"]
[WhiteClock "0:00:04"]
[BlackClock "0:00:08"]
[Board "92"]

1. Nf3 Nf6 2. g3 b6 3. Bg2 Bb7 4. O-O e6 5. c4 d5 6. d3 Be7 7. b3 Nbd7 8. Bb2 O-O 9. Nbd2 c5 10. Qc2 d4 11. Rad1 e5 12. e3 Qc7 13. e4 h6 14. Bh3 g5 15. Bf5 Nh5 16. Rfe1 Ng7 17. g4 Nxf5 18. gxf5 g4 19. Kh1 gxf3 20. Nxf3 Kh7 21. Qd2 Rg8 22. Rg1 Qd6 23. Bc1 Qf6 24. h3 Rxg1+ 25. Rxg1 Rg8 26. Rxg8 Kxg8 27. Qxh6 Qxh6 28. Bxh6 a5 29. a4 Bf6 30. Kg2 Nb8 31. Kf1 Nc6 32. Ke2 Ne7 33. h4 Kh7 34. Bg5 Bxg5 35. hxg5 Kg8 36. Nh2 Nc6 37. Ng4 Kf8 38. f3 Ke7 39. Nf6 Nb4 40. Ng4 Na2 41. Kd2 Kd6 42. Nh6 Ke7 43. f6+ Ke6 44. Nf5 Nb4 45. Ke2 Nc6 46. Kf2 Nb8 47. Ng7+ Kd7 48. Nf5 Na6 49. g6 fxg6 50. f7 gxf5 51. f8=Q fxe4 52. fxe4 Nb4 53. Ke2 Nc6 54. Qf7+ Kc8 55. Qe6+ Kb8 56. Kf3 Ka7 57. Kf2 Nb4 58. Ke2 Nc6 59. Qd7 Nb4 60. Qc7 Nc6 61. Kd2 Ka6 62. Qg7 Ba8 63. Ke2 Bb7 64. Kf2 Bc8 65. Qf8 Bb7 66. Kg3 Nb4 67. Qf3 Na2 68. Kh4 Nb4 69. Kg5 Nc6 70. Kf6 Bc8 71. Qg3 Kb7 72. Kf7 Bd7 73. Kf8 Kc7 74. Qg5 Kd6 75. Qf6+ Kc7 76. Kf7 Kc8 77. Qg5 Kc7 78. Qf6 Kb7 79. Kg6 Kc8 80. Qg7 Nb4 81. Qxe5 Nxd3 82. Qd6 Nf2 83. e5 Ne4 84. Qd5 Be8+ 85. Kg7 Ng3 86. Kf8 Bg6 87. Qc6+ Kb8 88. Qxb6+ Ka8 89. Qxg6 Ne2 90. Qa6+ Kb8 91. Qb6+ Ka8 92. Qxa5+ Kb8 93. Qb5+ Ka8 94. e6 Nf4 95. e7 Ne6+ 96. Kf7 1-0


[Site "https://www.chess.com"]

[Event "Titled Tuesday Blitz November 14 Early 2023"]
[White "WindWhistler11"]
[Black "Timerkhanov, Alexander"]
[BlackFideId "24177938"]
[WhiteElo "2460"]
[BlackElo "2682"]
[Result "0-1"]
[Round "4"]
[TimeControl "180+1"]
[Date "2023.11.14"]
[WhiteClock "0:00:00"]
[BlackClock "0:00:09"]
[Board "93"]

1. Nf3 d5 2. g3 Nf6 3. Bg2 g6 4. d3 Bg7 5. O-O O-O 6. Nbd2 c5 7. e4 Nc6 8. Re1 a5 9. a4 b6 10. c3 Ba6 11. exd5 Nxd5 12. Nc4 e6 13. Qb3 Rb8 14. Bg5 Qd7 15. Rad1 h6 16. Bc1 Rfe8 17. Nce5 Nxe5 18. Nxe5 Qc7 19. Ng4 h5 20. Nh6+ Kf8 21. Bxd5 exd5 22. Bf4 Qd7 23. f3 Rxe1+ 24. Rxe1 Rb7 25. Qc2 f6 26. g4 g5 27. Nf5 gxf4 28. Qd2 hxg4 29. fxg4 Qf7 0-1


[Site "https://www.chess.com"]

[Event "Titled Tuesday Blitz November 14 Early 2023"]
[White "Mladenovic, Stefan"]
[Black "Jesseinkman"]
[WhiteFideId "942227"]
[WhiteElo "2682"]
[BlackElo "2455"]
[Result "1-0"]
[Round "4"]
[TimeControl "180+1"]
[Date "2023.11.14"]
[WhiteClock "0:00:15"]
[BlackClock "0:00:02"]
[Board "94"]

1. d4 d5 2. Bf4 c5 3. e3 Nc6 4. Nf3 cxd4 5. exd4 Bf5 6. Nbd2 e6 7. c3 Bd6 8. Bxd6 Qxd6 9. Bb5 Ne7 10. O-O O-O 11. Re1 h6 12. Ne5 Nxe5 13. dxe5 Qc7 14. Nf3 a6 15. Bf1 b5 16. Nd4 Bg6 17. a4 Nc6 18. axb5 axb5 19. Nxb5 Qb6 20. Rxa8 Rxa8 21. Qd2 Ra5 22. Na3 Qb8 23. c4 Qb4 24. Qxb4 Nxb4 25. cxd5 Rxd5 26. h3 Rd2 27. Nc4 Rc2 28. Rd1 Nd5 29. Rd2 Rc1 30. g3 Be4 31. f4 Nb4 32. Kf2 Bd5 33. Ne3 Rb1 34. Nxd5 Nxd5 35. Bc4 Nb6 36. Rd8+ Kh7 37. Bd3+ 1-0


[Site "https://www.chess.com"]

[Event "Titled Tuesday Blitz November 14 Early 2023"]
[White "Mazurkiewicz, Michal"]
[Black "Arhan_Anand"]
[WhiteFideId "1124943"]
[WhiteElo "2447"]
[BlackElo "2673"]
[Result "1-0"]
[Round "4"]
[TimeControl "180+1"]
[Date "2023.11.14"]
[WhiteClock "0:00:05"]
[BlackClock "0:00:04"]
[Board "95"]

1. e4 c5 2. Nf3 d6 3. g3 Nf6 4. d3 g6 5. Bg2 Nc6 6. O-O Bg7 7. Re1 O-O 8. e5 dxe5 9. Nxe5 Nxe5 10. Rxe5 Nd7 11. Re1 Rb8 12. Nc3 b5 13. h4 Bb7 14. h5 Bxg2 15. Kxg2 b4 16. Ne4 Qb6 17. Rh1 Qc6 18. f3 Ne5 19. Bf4 Rbd8 20. Qe2 Qd5 21. Rae1 Nc6 22. c3 f5 23. Ng5 e5 24. hxg6 hxg6 25. Bc1 Rd6 26. Kf1 Qxd3 27. Qxd3 Rxd3 28. Ne6 Rc8 29. Ke2 Rd5 30. Nxg7 Kxg7 31. Bh6+ Kg8 32. Bg5 Na5 33. Rh6 Rd6 34. Reh1 Kf7 35. Rh7+ Ke6 36. Rg7 Kd5 37. Rd1+ Kc6 38. Rxd6+ Kxd6 39. Rxg6+ Kd5 40. Rf6 Nc4 41. b3 Nd6 42. c4+ Kc6 43. Re6 Re8 44. Rxe8 Nxe8 45. Be3 Nf6 46. Bg5 Nd7 47. g4 fxg4 48. fxg4 Kd6 49. Ke3 Ke6 50. Ke4 a5 51. Bd8 Nb8 52. Bxa5 Nc6 53. Bc7 Kf6 54. g5+ Ke6 55. g6 Ne7 56. Bxe5 Nxg6 57. Bg7 Ne7 58. Bf8 Nf5 59. Bxc5 Kd7 60. Kxf5 1-0


[Site "https://www.chess.com"]

[Event "Titled Tuesday Blitz November 14 Early 2023"]
[White "Dowgird, Filip"]
[Black "Goldin, Roman"]
[WhiteFideId "1121235"]
[BlackFideId "2803860"]
[WhiteElo "2672"]
[BlackElo "2411"]
[Result "1-0"]
[Round "4"]
[TimeControl "180+1"]
[Date "2023.11.14"]
[WhiteClock "0:01:14"]
[BlackClock "0:00:00"]
[Board "96"]

1. d4 Nf6 2. Bg5 d5 3. Bxf6 gxf6 4. e3 e6 5. Nf3 c5 6. dxc5 Bxc5 7. Nbd2 Nc6 8. Be2 O-O 9. a3 a6 10. c4 dxc4 11. Bxc4 b5 12. Be2 Bb7 13. Rc1 Qb6 14. Qc2 Be7 15. Qe4 Ne5 16. Qh4 Ng6 17. Qh6 Rfd8 18. O-O Bf8 19. Qh5 Rd5 20. Qh3 Rad8 21. Ne4 Bg7 22. b4 Bc8 23. Nc5 Bf8 24. Nb3 Be7 25. Nfd4 Bb7 26. Bf3 R5d7 27. Nc6 1-0


[Site "https://www.chess.com"]

[Event "Titled Tuesday Blitz November 14 Early 2023"]
[White "Skliarov, Viktor"]
[Black "Valle Maytin, Luis Enrique"]
[WhiteFideId "14106736"]
[BlackFideId "3503666"]
[WhiteElo "2671"]
[BlackElo "2369"]
[Result "1-0"]
[Round "4"]
[TimeControl "180+1"]
[Date "2023.11.14"]
[WhiteClock "0:00:25"]
[BlackClock "0:00:09"]
[Board "97"]

1. e4 c6 2. d4 d5 3. e5 Bf5 4. Nf3 e6 5. Be2 Nd7 6. O-O Ne7 7. a4 Qc7 8. a5 h6 9. a6 b6 10. Na3 g5 11. c4 Bg7 12. cxd5 exd5 13. Be3 Nf8 14. Rc1 Qd7 15. Ne1 Ne6 16. Nd3 O-O 17. Nb4 Rac8 18. Qa4 Rfd8 19. Nxc6 Nxc6 20. Bb5 Qe7 21. Bxc6 Nf4 22. Bxf4 gxf4 23. Bb7 Rxc1 24. Rxc1 f6 25. exf6 Bxf6 26. Nb5 f3 27. Qb3 fxg2 28. Nxa7 Bxd4 29. Qg3+ Kh8 30. Nc6 Qd7 31. Nxd4 Be4 32. Qe5+ Kg8 33. Qe6+ Qxe6 34. Nxe6 Rd6 35. a7 Rxe6 36. a8=Q+ Kf7 37. Bxd5 Bxd5 38. Qxd5 1-0


[Site "https://www.chess.com"]

[Event "Titled Tuesday Blitz November 14 Early 2023"]
[White "Skvortsov, Andrei"]
[Black "Lebedev, Artem S."]
[WhiteFideId "24108600"]
[BlackFideId "34272747"]
[WhiteElo "2665"]
[BlackElo "2344"]
[Result "1-0"]
[Round "4"]
[TimeControl "180+1"]
[Date "2023.11.14"]
[WhiteClock "0:01:34"]
[BlackClock "0:00:00"]
[Board "98"]

1. e4 e5 2. d4 exd4 3. Qxd4 Nc6 4. Qd3 Nf6 5. Nc3 Bb4 6. Bd2 O-O 7. O-O-O Re8 8. Nge2 d6 9. Bg5 h6 10. Bxf6 Qxf6 11. Nd5 Qd8 12. Nxb4 Nxb4 13. Qd2 Nxa2+ 14. Kb1 Be6 15. Nf4 Qd7 16. Qa5 b6 17. Qa3 a5 18. Nxe6 Nb4 19. Nd4 Rxe4 20. f3 Re5 21. Bc4 Rae8 22. c3 Nc6 23. Bb5 Rxb5 24. Nxb5 Qf5+ 25. Ka2 Qxb5 26. Rhe1 Rxe1 27. Rxe1 Ne5 28. Qb3 Qc6 29. Re4 Kh7 30. Qc2 Kh8 31. b3 f5 32. Re1 g6 33. f4 Nf7 34. Re6 Kg7 35. Qd2 Nd8 36. Qd4+ Kf7 37. Qf6+ 1-0


[Site "https://www.chess.com"]

[Event "Titled Tuesday Blitz November 14 Early 2023"]
[White "Bobomurodova, Maftuna"]
[Black "Raahul V S"]
[WhiteFideId "14207400"]
[BlackFideId "25035525"]
[WhiteElo "2333"]
[BlackElo "2664"]
[Result "0-1"]
[Round "4"]
[TimeControl "180+1"]
[Date "2023.11.14"]
[WhiteClock "0:00:00"]
[BlackClock "0:00:04"]
[Board "99"]

1. e4 e5 2. Nf3 Nc6 3. Bc4 Nf6 4. d3 h6 5. c3 d6 6. Bb3 g6 7. Nbd2 Bg7 8. Nf1 O-O 9. Ng3 Kh8 10. O-O Nh7 11. d4 Bg4 12. d5 Ne7 13. h3 Bd7 14. Bc2 f5 15. exf5 Nxf5 16. Ne4 Nf6 17. Nh2 Nxe4 18. Bxe4 Qh4 19. Qg4 Qxg4 20. Nxg4 h5 21. Ne3 Bh6 22. Bd2 Bxe3 23. Bxe3 Nxe3 24. fxe3 Kg7 25. Rxf8 Rxf8 26. Rf1 Bf5 27. Bxf5 gxf5 28. Kf2 Kf6 29. g3 Kg5 30. c4 Rf7 31. b3 h4 32. Rg1 hxg3+ 33. Rxg3+ Kf6 34. Kf3 Rh7 35. a3 Rh4 36. Kf2 f4 37. exf4 exf4 38. Rg4 Rxh3 39. Rxf4+ Ke5 40. Rf7 Rxb3 41. Rxc7 a5 42. a4 Kd4 43. c5 Kxd5 44. cxd6 Kxd6 45. Rh7 Rb4 46. Ke3 Kc6 47. Rh6+ Kc7 48. Rh5 Kb6 49. Kd3 Rxa4 50. Rh6+ Kb5 51. Rh5+ Ka6 52. Kc3 Rb4 53. Rg5 Rb1 54. Kc2 Rb5 55. Rg6+ Rb6 56. Rg5 Rh6 57. Rg8 Rh4 58. Rg6+ Kb5 59. Rg7 b6 60. Kb3 a4+ 61. Ka2 Kb4 62. Rg3 b5 63. Kb1 a3 64. Rf3 Ka4 65. Rg3 b4 66. Rf3 Rh1+ 67. Ka2 b3+ 0-1


[Site "https://www.chess.com"]

[Event "Titled Tuesday Blitz November 14 Early 2023"]
[White "Kraus, Tomas"]
[Black "Ovetchkin, Roman"]
[WhiteFideId "331708"]
[BlackFideId "4119991"]
[WhiteElo "2327"]
[BlackElo "2663"]
[Result "0-1"]
[Round "4"]
[TimeControl "180+1"]
[Date "2023.11.14"]
[WhiteClock "0:00:00"]
[BlackClock "0:00:24"]
[Board "100"]

1. e4 c6 2. d4 d5 3. f3 Qb6 4. Nc3 e6 5. e5 c5 6. Bb5+ Bd7 7. Bxd7+ Nxd7 8. dxc5 Bxc5 9. Na4 Qa5+ 10. c3 Bxg1 11. Rxg1 b5 12. Nc5 Nxc5 13. b4 Qc7 14. bxc5 Qxe5+ 15. Kf1 Ne7 16. Qd4 Nc6 17. Qxe5 Nxe5 18. Bf4 Nc6 19. Rb1 a6 20. Kf2 Kd7 21. Rb2 e5 22. Bd2 Na5 23. Rc2 Kc6 24. Rb1 Nc4 25. Bc1 Kxc5 26. a4 Rhb8 27. f4 f6 28. g4 bxa4 29. Ra1 Rb3 30. Rxa4 a5 31. g5 Kb5 32. Raa2 a4 33. h4 a3 34. h5 h6 35. gxh6 gxh6 36. fxe5 fxe5 37. Kg3 Ra6 38. Kg4 e4 39. Kf5 Kc5 40. Kf4 Rf6+ 41. Kg4 e3 42. Kg3 d4 43. cxd4+ Kxd4 44. Re2 Kd3 45. Rec2 Rf1 0-1


[Site "https://www.chess.com"]

[Event "Titled Tuesday Blitz November 14 Early 2023"]
[White "Yen, William"]
[Black "Osmonbekov, Talaibek"]
[WhiteFideId "30932025"]
[BlackFideId "2017253"]
[WhiteElo "2662"]
[BlackElo "2324"]
[Result "1-0"]
[Round "4"]
[TimeControl "180+1"]
[Date "2023.11.14"]
[WhiteClock "0:01:10"]
[BlackClock "0:00:00"]
[Board "101"]

1. e4 c5 2. Nf3 d6 3. d4 cxd4 4. Nxd4 Nf6 5. Nc3 g6 6. Be3 Bg7 7. Qd2 O-O 8. f3 Nc6 9. O-O-O d5 10. exd5 Nxd5 11. Nxd5 Qxd5 12. Nxc6 Qxc6 13. Bh6 Bf5 14. Bxg7 Kxg7 15. Bd3 Rfd8 16. Qe3 Rxd3 17. Rxd3 Bxd3 18. Qxd3 Rc8 19. Re1 Rc7 20. c3 b5 21. Kb1 a5 22. h4 f6 23. h5 b4 24. cxb4 axb4 25. hxg6 hxg6 26. Qd2 Qc5 27. Rc1 Qf5+ 28. Rc2 g5 29. Kc1 Ra7 30. Qxb4 Qe5 31. a3 Qe3+ 32. Qd2 Qg1+ 33. Qd1 Qe3+ 34. Kb1 Qb3 35. Qe2 Kg6 36. Rc3 Qb6 37. Qe3 Qb7 38. Qd3+ Kg7 39. g4 Ra6 40. Rb3 Qc8 41. Ka2 Rc6 42. Qe4 Kf8 43. Rb8 Qxb8 44. Qxc6 1-0


[Site "https://www.chess.com"]

[Event "Titled Tuesday Blitz November 14 Early 2023"]
[White "Yaran, Siar"]
[Black "Senft, Sean"]
[WhiteFideId "6323006"]
[BlackFideId "2044960"]
[WhiteElo "2660"]
[BlackElo "2298"]
[Result "1-0"]
[Round "4"]
[TimeControl "180+1"]
[Date "2023.11.14"]
[WhiteClock "0:00:12"]
[BlackClock "0:00:23"]
[Board "102"]

1. e4 c5 2. Nf3 d6 3. d4 cxd4 4. Nxd4 Nf6 5. Nc3 a6 6. Bg5 e6 7. f4 Qb6 8. Qd3 Nc6 9. Bxf6 gxf6 10. Nb3 Be7 11. O-O-O Bd7 12. Be2 h5 13. h4 O-O-O 14. Kb1 Na5 15. Bf3 Nxb3 16. axb3 Bc6 17. Rhe1 Bf8 18. Qe2 Qa5 19. f5 Bb5 20. Nxb5 Qxb5 21. Rd3 Qb4 22. Rc3+ Kb8 23. Bxh5 d5 24. Bxf7 exf5 25. Bxd5 fxe4 26. Rc4 Qb5 27. Bxe4 Rxh4 28. Bf3 Rxc4 29. bxc4 Qb6 30. c3 Bh6 31. Rd1 Rc8 32. Rd7 Rc7 33. Qe8+ Ka7 34. Rd8 Qb3 35. Ra8+ Kb6 36. Qe6+ Rc6 37. Bxc6 Qd1+ 38. Ka2 Qa4+ 39. Bxa4+ 1-0


[Site "https://www.chess.com"]

[Event "Titled Tuesday Blitz November 14 Early 2023"]
[White "Liu, Leonardo"]
[Black "Makhnev, Denis"]
[WhiteFideId "30965780"]
[BlackFideId "13707647"]
[WhiteElo "2268"]
[BlackElo "2652"]
[Result "0-1"]
[Round "4"]
[TimeControl "180+1"]
[Date "2023.11.14"]
[WhiteClock "0:02:08"]
[BlackClock "0:01:24"]
[Board "103"]

1. e4 c6 2. Nc3 d5 3. Nf3 Bg4 4. h3 Bh5 5. g3 dxe4 6. Nxe4 Nd7 7. Bg2 Ngf6 8. Nxf6+ Nxf6 9. O-O e6 10. d4 Be7 11. c4 O-O 12. b3 Qa5 13. Bb2 Ba3 14. Qc2 Bxb2 15. Qxb2 Bxf3 16. Bxf3 Rfd8 17. Rad1 Rd7 18. Rfe1 Rad8 19. Re5 Qc7 20. d5 cxd5 21. cxd5 Nxd5 22. Bxd5 Rxd5 23. Rdxd5 exd5 24. Qd4 Qd6 25. f4 a6 26. Kf2 h6 27. Qa7 Qc6 28. Qd4 Qc2+ 29. Re2 Qc8 30. Qb6 d4 31. Rc2 Qxc2+ 0-1


[Site "https://www.chess.com"]

[Event "Titled Tuesday Blitz November 14 Early 2023"]
[White "Degenbaev, Aziz"]
[Black "ilya2700"]
[WhiteFideId "13802640"]
[WhiteElo "2652"]
[BlackElo "2266"]
[Result "0-1"]
[Round "4"]
[TimeControl "180+1"]
[Date "2023.11.14"]
[WhiteClock "0:00:06"]
[BlackClock "0:00:21"]
[Board "104"]

1. e4 c5 2. Nf3 e6 3. g3 d5 4. exd5 exd5 5. Bg2 Nc6 6. O-O Bd6 7. d4 Nf6 8. Bg5 Be6 9. Nc3 O-O 10. Re1 Rc8 11. Nb5 Be7 12. dxc5 Bxc5 13. c3 h6 14. Bf4 Qb6 15. Nbd4 Qxb2 16. Rb1 Qxa2 17. Rxb7 Ne4 18. Be3 Nxc3 19. Qd3 Ne4 20. Re2 Qa1+ 21. Rb1 Qa3 22. Rb3 Qa5 23. Rb5 Qa6 24. Nxc6 Rxc6 25. Ne5 Rcc8 26. Bxc5 Rxc5 27. Rxc5 Nxc5 28. Qf3 Qa1+ 29. Bf1 Bh3 0-1


[Site "https://www.chess.com"]

[Event "Titled Tuesday Blitz November 14 Early 2023"]
[White "DavitSantryan02"]
[Black "Hilary46"]
[WhiteElo "1801"]
[BlackElo "2650"]
[Result "1-0"]
[Round "4"]
[TimeControl "180+1"]
[Date "2023.11.14"]
[WhiteClock "0:00:02"]
[BlackClock "0:00:00"]
[Board "105"]

1. Nf3 d5 2. g3 Nf6 3. Bg2 c6 4. O-O Bg4 5. d3 Nbd7 6. Nbd2 e6 7. h3 Bxf3 8. Nxf3 Be7 9. Re1 O-O 10. e4 dxe4 11. dxe4 Nc5 12. e5 Qxd1 13. Rxd1 Nd5 14. a3 Rfd8 15. Bg5 Bxg5 16. Nxg5 h6 17. Nf3 Ne7 18. Nd2 Na4 19. Rab1 Kf8 20. Nc4 b6 21. Nd6 Rab8 22. Rd4 b5 23. g4 c5 24. Rf4 f6 25. Re1 Ng6 26. Rf3 Nxe5 27. Rxe5 Rxd6 28. b3 Kg8 29. Rh5 g6 30. Rxh6 Kg7 31. Rh4 Rd1+ 32. Kh2 Nb6 33. g5 f5 34. Re3 Re8 35. a4 a6 36. axb5 axb5 37. Bc6 Re7 38. Bxb5 e5 39. b4 cxb4 40. Re2 Nd5 41. Rc4 e4 42. Bc6 Nf4 43. Re3 Rc7 44. Rb3 Rd6 45. Bb5 Rxc4 46. Bxc4 Rd2 47. Kg3 Nh5+ 48. Kg2 f4 49. Rb1 f3+ 50. Kg1 e3 51. fxe3 Rg2+ 52. Kf1 Ng3+ 53. Ke1 Rg1+ 54. Kf2 Rxb1 55. Kxg3 Rc1 56. Bb3 Rf1 57. Bd5 f2 58. e4 1-0


[Site "https://www.chess.com"]

[Event "Titled Tuesday Blitz November 14 Early 2023"]
[White "BardArtem"]
[Black "Skibbe, Willi"]
[BlackFideId "4682190"]
[WhiteElo "2834"]
[BlackElo "2250"]
[Result "1-0"]
[Round "4"]
[TimeControl "180+1"]
[Date "2023.11.14"]
[WhiteClock "0:00:02"]
[BlackClock "0:00:00"]
[Board "106"]

1. e4 e6 2. d4 d5 3. Nc3 Nf6 4. exd5 exd5 5. Bg5 Bf5 6. Bxf6 gxf6 7. Bd3 Bg6 8. h4 h5 9. Bxg6 fxg6 10. Nge2 c6 11. Qd3 Kf7 12. O-O-O Nd7 13. f3 Bh6+ 14. Kb1 Re8 15. g4 Re3 16. Qd2 Qe7 17. gxh5 gxh5 18. Ng3 Qe6 19. Nxh5 Nb6 20. Rhg1 Nc4 21. Qg2 Qf5 22. Qg4 Rxf3 23. Qxf5 Rxf5 24. Ng3 Rf4 25. b3 Nd6 26. Rgf1 Rxh4 27. Rh1 Bg5 28. Rxh4 Bxh4 29. Nge2 Bg5 30. Rh1 Kg7 31. Ng3 Re8 32. Rg1 Re3 33. Nce2 Kf7 34. Rh1 Ne4 35. Nxe4 Rxe4 36. Ng3 Rg4 37. Nf5 Kg6 38. Nd6 Rxd4 39. Nxb7 f5 40. Na5 c5 41. Nc6 Re4 42. Rd1 d4 43. Nxa7 f4 44. Nc6 f3 45. Rf1 f2 46. Kb2 Re1 47. Ne5+ Kf5 48. Rxf2+ Kxe5 49. a4 Bc1+ 50. Ka2 1-0


[Site "https://www.chess.com"]

[Event "Titled Tuesday Blitz November 14 Early 2023"]
[White "Timofeev, Artyom"]
[Black "Silva Lucena, Cristian"]
[WhiteFideId "4140419"]
[BlackFideId "2232588"]
[WhiteElo "2827"]
[BlackElo "2544"]
[Result "1-0"]
[Round "4"]
[TimeControl "180+1"]
[Date "2023.11.14"]
[WhiteClock "0:01:57"]
[BlackClock "0:00:41"]
[Board "107"]

1. c4 Nf6 2. Nc3 g6 3. d4 Bg7 4. e4 d6 5. h4 c5 6. d5 e6 7. h5 Nxh5 8. Rxh5 gxh5 9. Qxh5 Bxc3+ 10. bxc3 Qa5 11. Bd2 e5 12. Nf3 Na6 13. Nxe5 Qc7 14. Nf3 Bd7 15. Bg5 Ba4 16. Bf6 Rf8 17. Bd3 Qb6 18. Rb1 Qc7 19. Ng5 Qd7 20. Ne6 Rg8 21. Qxh7 1-0


[Site "https://www.chess.com"]

[Event "Titled Tuesday Blitz November 14 Early 2023"]
[White "Mikhailovsky, Vladimir"]
[Black "Purtseladze, Maka"]
[WhiteFideId "34105414"]
[BlackFideId "13602659"]
[WhiteElo "2816"]
[BlackElo "2529"]
[Result "1-0"]
[Round "4"]
[TimeControl "180+1"]
[Date "2023.11.14"]
[WhiteClock "0:00:31"]
[BlackClock "0:00:09"]
[Board "108"]

1. e4 c6 2. c4 d5 3. cxd5 cxd5 4. exd5 Nf6 5. Qa4+ Nbd7 6. Nc3 g6 7. Nf3 Bg7 8. Bc4 O-O 9. d3 a6 10. Qa3 Rb8 11. Bf4 b5 12. Bxb8 Nxb8 13. Bb3 Qb6 14. Bc2 Bg4 15. Bd1 Nbd7 16. Qb3 Nc5 17. Qc2 Bf5 18. Be2 Rc8 19. O-O b4 20. Na4 Nxa4 21. Qxa4 Nxd5 22. d4 a5 23. Rac1 Rd8 24. Qc6 Qxc6 25. Rxc6 Nf4 26. Bc4 Be4 27. Rc5 Bxf3 28. gxf3 Bxd4 29. Rxa5 Bxb2 30. Ra7 e6 31. Bb3 Rd2 32. Rd1 Rxd1+ 33. Bxd1 Bc3 34. Rc7 g5 35. a4 Bd4 36. Rc4 e5 37. Rxb4 Nd3 38. Rxd4 exd4 39. a5 Nc5 40. Be2 d3 41. Bxd3 Nd7 42. a6 Nb6 43. a7 Kg7 44. Be4 h5 45. a8=Q Nxa8 46. Bxa8 f5 47. Kf1 Kf6 48. Ke2 Ke5 49. Ke3 f4+ 50. Kd3 g4 51. fxg4 hxg4 52. Bb7 Kf5 53. Bc8+ Kg5 54. Ke4 g3 55. hxg3 fxg3 56. fxg3 Kg6 57. g4 1-0


[Site "https://www.chess.com"]

[Event "Titled Tuesday Blitz November 14 Early 2023"]
[White "Kopylov, Alexander A."]
[Black "Herman, Matthew"]
[WhiteFideId "4164857"]
[BlackFideId "2028964"]
[WhiteElo "2792"]
[BlackElo "2527"]
[Result "1-0"]
[Round "4"]
[TimeControl "180+1"]
[Date "2023.11.14"]
[WhiteClock "0:00:52"]
[BlackClock "0:00:00"]
[Board "109"]

1. d4 Nf6 2. Nf3 g6 3. g3 Bg7 4. Bg2 O-O 5. O-O d6 6. a4 a5 7. Nc3 Nbd7 8. e4 e5 9. h3 b6 10. Be3 Ba6 11. Re1 Re8 12. Qd2 Qe7 13. Rad1 Qf8 14. b3 Rad8 15. Bg5 h6 16. Be3 exd4 17. Nxd4 Nc5 18. f3 Bb7 19. Ncb5 Rd7 20. Bf2 Rde7 21. g4 d5 22. e5 Rxe5 23. Nxc7 Rxe1+ 24. Rxe1 Rxe1+ 25. Qxe1 Nfd7 26. Ncb5 Ba6 27. Bg3 Bxb5 28. Nxb5 Qd8 29. Bd6 Qf6 30. f4 Qb2 31. Qe8+ Kh7 32. Qxf7 Qxc2 33. f5 gxf5 34. gxf5 Nf6 35. Nc7 Qxf5 36. Nxd5 1-0


[Site "https://www.chess.com"]

[Event "Titled Tuesday Blitz November 14 Early 2023"]
[White "Kiremitciyan, Ari"]
[Black "Rosen, Eric"]
[WhiteFideId "6373445"]
[BlackFideId "2032562"]
[WhiteElo "2526"]
[BlackElo "2782"]
[Result "0-1"]
[Round "4"]
[TimeControl "180+1"]
[Date "2023.11.14"]
[WhiteClock "0:00:00"]
[BlackClock "0:00:05"]
[Board "110"]

1. Nf3 d5 2. b3 Nf6 3. Bb2 Bg4 4. e3 e6 5. Be2 Nbd7 6. d4 Bd6 7. O-O c6 8. c4 h5 9. h3 Bxf3 10. Bxf3 g5 11. g4 hxg4 12. hxg4 Qc7 13. Re1 Bb4 14. Nc3 Qh2+ 15. Kf1 Ne4 16. Bxe4 dxe4 17. Ke2 Qh3 18. Rg1 O-O-O 19. Nxe4 Be7 20. Qf1 Qh7 21. Qg2 Qg6 22. Rh1 Nf6 23. f3 Rhg8 24. Rh3 Nd7 25. Rah1 Bf8 26. Rh8 f5 27. Rxg8 Qxg8 28. Nc3 f4 29. e4 Nb6 30. Rd1 Bb4 31. Nb1 Qh7 32. Rh1 Qf7 33. a3 Be7 34. Qh3 e5 35. Qh5 Qe6 36. Qh6 Qd7 37. Rd1 Qc7 38. Qg6 Rf8 39. Qe6+ Nd7 40. d5 Bd6 41. dxc6 bxc6 42. Qxd6 Rh8 43. Qxc7+ Kxc7 44. Rf1 Rh2+ 45. Rf2 Rh1 46. Nd2 Kd6 47. Bc3 Ke6 48. Bb4 Nb6 49. Nf1 Rh3 50. Bc3 Nd7 51. Bb2 Nc5 52. Nd2 Rh1 53. Rf1 Rh2+ 54. Rf2 Rh1 55. b4 Na4 56. Rf1 Rh2+ 57. Rf2 Rh1 58. Rf1 Rh2+ 59. Rf2 Rxf2+ 60. Kxf2 Nxb2 61. c5 Kd7 62. Ke2 Ke6 63. Ke1 Kd7 64. Ke2 Kc7 65. Nf1 Kb7 66. Kd2 Nc4+ 67. Kc3 Nxa3 68. Nd2 Nb5+ 69. Kd3 Nd4 70. Nc4 Nxf3 71. Ke2 Nd4+ 72. Kd3 f3 73. Ke3 f2 74. Kxf2 Nc2 75. Nxe5 Nxb4 76. Nf7 Nd3+ 77. Ke3 Nxc5 78. Nxg5 a5 79. Kd4 Kb6 80. Nf3 Kb5 81. g5 Kb4 82. g6 a4 83. Nd2 a3 84. Nc4 a2 0-1


[Site "https://www.chess.com"]

[Event "Titled Tuesday Blitz November 14 Early 2023"]
[White "Costachi, Mihnea"]
[Black "Tifferet, Shaked"]
[WhiteFideId "1217518"]
[BlackFideId "2811529"]
[WhiteElo "2760"]
[BlackElo "2523"]
[Result "1/2-1/2"]
[Round "4"]
[TimeControl "180+1"]
[Date "2023.11.14"]
[WhiteClock "0:01:43"]
[BlackClock "0:00:05"]
[Board "111"]

1. Nf3 Nf6 2. b4 g6 3. Bb2 Bg7 4. g3 O-O 5. Bg2 b6 6. O-O Bb7 7. e3 c5 8. bxc5 bxc5 9. d4 cxd4 10. exd4 d6 11. c4 Nc6 12. Nc3 Na5 13. c5 dxc5 14. dxc5 Qxd1 15. Raxd1 Rac8 16. Na4 Bc6 17. Nc3 Nd7 18. Rfe1 e6 19. Nd4 Bxg2 20. Kxg2 Nxc5 21. Ndb5 Nc4 22. Ba1 a6 23. Nd6 Nxd6 24. Rxd6 Rfd8 25. Red1 Nb7 26. Rxd8+ Rxd8 27. Rb1 Nc5 28. Rb6 Rc8 29. Rb1 Nd3 30. Rb3 Nc1 31. Ra3 Rc6 32. Kf3 f5 33. Ke3 Nxa2 34. Nxa2 Bxa1 35. Nb4 Rc3+ 36. Rxc3 Bxc3 37. Nxa6 Kf7 38. f4 Ba5 39. Kf3 Ke7 40. Nc5 Bb4 41. Nd3 Bd6 42. h3 Kd7 43. g4 Kc6 44. Ke3 Kd5 45. gxf5 gxf5 46. Nc1 Bc5+ 47. Kf3 Kc4 48. Ne2 Kd3 49. Ng3 Bd4 50. Nh5 Kd2 51. Ng3 Ke1 52. Ne2 Bf6 53. Ng3 Kd2 54. Nh5 Bd4 55. Ng3 Kd3 56. Ne2 e5 57. fxe5 Bxe5 58. Nf4+ Kd4 59. Ne6+ Kd5 60. Nf8 h6 61. Ng6 Bd6 62. Nh4 Ke6 63. Ng2 Kf6 64. Ne3 Kg5 65. Ng2 Bc5 66. Ke2 f4 67. Kf3 Bd6 68. Ke4 Bc7 69. Kf3 Bb8 70. Ke4 Bc7 71. Kf3 Kf5 72. Nh4+ Kg5 73. Ng2 1/2-1/2


[Site "https://www.chess.com"]

[Event "Titled Tuesday Blitz November 14 Early 2023"]
[White "Nagare Kaivalya Sandip"]
[Black "Nilsen, Tobias Lang"]
[WhiteFideId "25957929"]
[BlackFideId "1521624"]
[WhiteElo "2678"]
[BlackElo "2522"]
[Result "0-1"]
[Round "4"]
[TimeControl "180+1"]
[Date "2023.11.14"]
[WhiteClock "0:00:09"]
[BlackClock "0:00:15"]
[Board "112"]

1. e4 e6 2. d4 d5 3. Nc3 Bb4 4. e5 Ne7 5. Nf3 c5 6. a3 Bxc3+ 7. bxc3 h6 8. a4 b6 9. Bb5+ Bd7 10. O-O Bxb5 11. axb5 a5 12. dxc5 bxc5 13. c4 O-O 14. Be3 Qc7 15. Qc1 Nf5 16. cxd5 exd5 17. Bf4 Qb7 18. g4 Nd4 19. Nxd4 cxd4 20. Bxh6 gxh6 21. Qxh6 Qe7 22. f4 Qe6 23. Qh4 Kg7 24. f5 Qh6 25. f6+ Kh7 26. Qxh6+ Kxh6 27. Kg2 Nd7 28. Rf5 Nc5 29. Ra3 Rh8 30. Kf3 Kg6 31. Kg2 Rh4 32. h3 Rah8 33. Rff3 a4 34. Ra1 Rb8 35. Rb1 Nd7 36. Re1 Nc5 37. Kg3 Rbh8 38. Kg2 Ne6 39. Rb1 Rb8 40. b6 Rhh8 41. b7 Nd8 42. Ra3 Rxb7 43. Rxb7 Nxb7 44. Rxa4 Rc8 45. Rxd4 Rxc2+ 46. Kg3 Rc5 47. h4 Nd8 48. Ra4 Ne6 49. Ra8 Rc3+ 50. Kf2 d4 51. h5+ Kg5 52. Ra7 Kf4 53. Rxf7 Rc2+ 54. Ke1 d3 55. Kd1 Nd4 56. Rd7 Ke3 57. e6 Rh2 58. Kc1 d2+ 59. Kd1 0-1


[Site "https://www.chess.com"]